 Dungeon Crawl Stone Soup version 0.19.4-25-g1b72edd (webtiles) character file.

567 HeyBub the Poker (level 7, -3/60 HPs)
             Began as a Minotaur Fighter on Feb 28, 2017.
             Splashed by Pikel's acid (7 damage)
             ... on level 5 of the Dungeon.
             The game lasted 00:05:53 (2707 turns).

HeyBub the Poker (Minotaur Fighter)                 Turns: 2707, Time: 00:05:54

Health: -3/60      AC:  3    Str: 23    XL:     7   Next: 11%
Magic:  6/6        EV: 10    Int:  5    God:
Gold:   177        SH: 10    Dex:  9    Spells: 0 memorised, 6 levels left

rFire  . . .     SeeInvis .     a - +0 trident
rCold  + . .     Gourm    .     j - +3 leather armour {rC+}
rNeg   . . .     Faith    .     c - +0 shield
rPois  .         Spirit   .     (helmet restricted)
rElec  .         Reflect  .     l - +0 cloak
rCorr  .         Harm     .     (no gloves)
MR     .....                    (no boots)
Stlth  +.........               (no amulet)
                                (no ring)
                                (no ring)

@: corroded
A: retaliatory headbutt, horns 2
a: no special abilities


You were on level 5 of the Dungeon.
You were near starving.

You visited 1 branch of the dungeon, and saw 5 of its levels.

You collected 177 gold pieces.

Inventory:

Hand Weapons
 a - a +0 trident (weapon)
 y - a +0 lajatang
Armour
 b - a +0 scale mail
 c - a +0 shield (worn)
 j - a +3 leather armour of cold resistance (worn)
 l - a +0 cloak (worn)
Magical Staves
 g - an uncursed staff of poison
Jewellery
 x - an uncursed ring of fire {unknown}
Scrolls
 e - a scroll of blinking
 r - a scroll of fear
 s - 2 scrolls of identify
 u - a scroll of fog
Potions
 d - 2 potions of might
 i - a potion of resistance {unknown}
 k - 2 potions of curing
 n - 2 potions of heal wounds {unknown}
 o - a potion of haste {unknown}
 q - a potion of mutation {unknown}
 t - 3 potions of lignification {unknown}
 A - a potion of berserk rage {unknown}
 C - a potion of agility {unknown}
Books
 v - a book of Changes

   Spells                             Type                      Level
   a - Beastly Appendage              Transmutation                1
   b - Sticks to Snakes               Transmutation                2
   c - Spider Form                    Transmutation/Poison         3
   d - Ice Form                       Ice/Transmutation            4
   e - Blade Hands                    Transmutation                5
Comestibles
 f - 2 bread rations
 h - a meat ration
 m - 3 slices of pizza
 p - a beef jerky
 w - 2 royal jellies


   Skills:
 + Level 4.8 Fighting
 + Level 6.6 Polearms
 + Level 4.2 Armour
 + Level 1.9 Dodging
 + Level 1.1 Stealth
 + Level 5.5 Shields


You had 6 spell levels left.
You didn't know any spells.

Dungeon Overview and Level Annotations

Branches:
Dungeon (5/15)
 Temple: D:4-7

Altars:
Ashenzari
Cheibriados
Sif Muna
Yredelemnul

Annotations:
D:5 Pikel


Innate Abilities, Weirdness & Mutations

You reflexively headbutt those who attack you in melee.
You have a pair of horns on your head.


Message History

The worker ant twitches its antennae in your direction.
Your headbutt misses the slave.
The slave moves out of view.
You closely miss Pikel. You hit Pikel. Your headbutt misses Pikel.
Pikel is lightly wounded.
Pikel zaps a wand.
The bolt of acid hits you!
You are splashed with acid!
The acid burns!
It is a wand of acid.
Pikel zaps a wand.
The bolt of acid hits you!
* * * LOW HITPOINT WARNING * * *
The acid corrodes you!
You are splashed with acid!
The acid burns!
* * * LOW HITPOINT WARNING * * *
Unknown command.
You feel better. Pikel hits you with a whip of freezing.
* * * LOW HITPOINT WARNING * * *
You feel better. You block Pikel's attack.
You feel better.
Pikel zaps a wand.
The bolt of acid misses you.
You feel better.
Pikel zaps a wand.
The bolt of acid hits you!
* * * LOW HITPOINT WARNING * * *
You are splashed with acid!
The acid burns!
You die...

########
#......# .
#......#
..a.####......#
...pOpK@......+
#.#p####......#
#.......#
#......##
#......#
#......#
########


You could see Pikel, an ogre, 3 slaves and a worker ant.

Vanquished Creatures
  An ice beast (D:5)
  A black bear (D:4)
  3 scorpions
  A hound (D:4)
  An orc wizard (D:4)
  An iguana (D:4)
  A hound zombie (D:4)
  An adder (D:4)
  An ooze (D:1)
  4 worms
  2 dart slugs
  6 leopard geckos
  11 orcs
  2 giant cockroaches
  11 goblins
  11 hobgoblins
  9 jackals (D:2)
  8 kobolds
  9 bats
  4 frilled lizards
  5 rats
93 creatures vanquished.

Notes
Turn   | Place    | Note
-------+----------+-------------------------------------------
     0 | D:1      | HeyBub the Minotaur Fighter began the quest for the Orb.
     0 | D:1      | Reached XP level 1. HP: 19/19 MP: 0/0
   240 | D:1      | Reached XP level 2. HP: 27/27 MP: 1/1
   695 | D:1      | Reached XP level 3. HP: 33/33 MP: 2/2
   866 | D:2      | Reached skill level 3 in Polearms
  1001 | D:2      | Reached XP level 4. HP: 35/40 MP: 3/3
  1132 | D:2      | Found a snail-covered altar of Cheibriados.
  1385 | D:3      | Reached skill level 4 in Polearms
  1733 | D:4      | Found a basalt altar of Yredelemnul.
  1778 | D:4      | Reached XP level 5. HP: 46/46 MP: 4/4
  1789 | D:4      | Reached skill level 1 in Dodging
  1953 | D:4      | Found a shattered altar of Ashenzari.
  1986 | D:4      | Reached skill level 5 in Polearms
  2003 | D:4      | Reached skill level 5 in Shields
  2003 | D:4      | Reached XP level 6. HP: 50/53 MP: 5/5
  2004 | D:4      | Found a deep blue altar of Sif Muna.
  2114 | D:4      | Reached skill level 6 in Polearms
  2295 | D:4      | Reached skill level 1 in Stealth
  2670 | D:5      | Entered Level 5 of the Dungeon
  2683 | D:5      | Noticed an ice beast
  2689 | D:5      | Killed an ice beast
  2689 | D:5      | Reached XP level 7. HP: 47/60 MP: 6/6
  2699 | D:5      | Noticed Pikel
  2703 | D:5      | HP: 1/60 [acid (13)]
  2707 | D:5      | Splashed by Pikel's acid

Skill      XL: |  1  2  3  4  5  6 |
---------------+-------------------+-----
Shields        | 4 5 |  5.5
Polearms       | 3 4 5 6 |  6.6
Armour         | 4 |  4.2
Fighting       | 4 |  4.8
Dodging        | 1 |  1.9
Stealth        | 1 |  1.1

Action                   |  1- 3 |  4- 6 |  7- 9 || total
-------------------------+-------+-------+-------++-------
Melee: Trident           |   108 |   136 |     4 ||   248
       Headbutt          |    16 |    25 |       ||    41
  Use: Scroll            |     1 |    10 |       ||    11
       Potion            |       |       |     4 ||     4
 Stab: Sleeping          |       |     1 |       ||     1
  Eat: Bread ration      |       |     1 |       ||     1
Armor: Scale mail        |    12 |       |       ||    12
       Leather armour    |    15 |    22 |       ||    37
Dodge: Dodged            |    22 |    30 |     1 ||    53
Block: Shield            |    30 |    50 |     3 ||    83
